 Dungeon Crawl Stone Soup version 0.29.0-13-gc9e81de378 (webtiles) character file.

Game seed: 6728875101076896408

6 SnakkuSnakku7 the Vexing (level 1, 0/19 HPs)
             Began as an Ogre Enchanter on Sept 7, 2022.
             Slain by a bat (1 damage)
             ... on level 1 of the Dungeon.
             The game lasted 00:00:30 (69 turns).

SnakkuSnakku7 the Vexing (Ogre Enchanter)             Turns: 69, Time: 00:00:30

Health: 0/19       AC:  3    Str: 11    XL:     1   Next: 90%
Magic:  3/3        EV:  9    Int: 16    God:
Gold:   0          SH:  0    Dex:  9    Spells: 4/4 levels left

rFire   . . .      SeeInvis .   a - +1 dagger
rCold   . . .      Faith    .   (no shield)
rNeg    . . .      Spirit   .   b - +0 robe
rPois   .          Reflect  .   (helmet restricted)
rElec   .          Harm     .   (no cloak)
rCorr   .          Rampage  .   (gloves unavailable)
Will    .....                   (boots unavailable)
Stlth   ++........              (no amulet)
HPRegen 0.06/turn               (no ring)
MPRegen 0.08/turn               (no ring)

@: invisible (expiring)
A: large, unfitting armour, tough skin 1
a: no special abilities


You were on level 1 of the Dungeon.
You visited 1 branch of the dungeon, and saw 1 of its levels.

Inventory:

Hand Weapons
 a - a +1 dagger (weapon)
 d - a +0 mace
Armour
 b - a +0 robe (worn)
Potions
 c - a potion of invisibility


   Skills:
 + Level 1.4 Fighting
 - Level 0.8 Short Blades
 + Level 0.5 Maces & Flails
 - Level 1.7 Dodging
 - Level 2.1 Stealth
 - Level 2.4 Spellcasting
 - Level 2.6 Hexes


You had 4 spell levels left.
You didn't know any spells.
Your spell library contained the following spells:

 Spells                   Type           Power      Damage    Failure   Level
 Ensorcelled Hibernation  Hex/Ice        12%        N/A       17%         2
 Confusing Touch          Hex            10%        N/A       21%         3
 Tukima's Dance           Hex            10%        N/A       21%         3
 Dazzling Flash           Conj/Hex       12%        N/A       34%         3


Dungeon Overview and Level Annotations

Branches:
Dungeon (1/15)

Altars:


Innate Abilities, Weirdness & Mutations

You are too large for most types of armour.
You have tough skin. (AC +1)


Message History

You hit the kobold.
The kobold is moderately wounded.
The bat hits you but does no damage. The kobold hits you but does no damage.
You hit the kobold but do no damage.
The kobold is moderately wounded.
The kobold hits you with a +0 dagger.
* * * LOW HITPOINT WARNING * * *
You hit the kobold but do no damage.
The kobold is moderately wounded.
The kobold hits you with a +0 dagger.
* * * LOW HITPOINT WARNING * * *
You hit the kobold.
You kill the kobold!
The bat hits you but does no damage.
You miss the frilled lizard. The frilled lizard barely misses you.
You closely miss the frilled lizard. The bat hits you but does no damage.
You barely miss the bat.
The bat is moderately wounded.
The bat hits you but does no damage.
You hit the bat.
The bat is severely wounded.
The bat barely misses you.
You barely miss the bat.
The bat is severely wounded.
The bat closely misses you.
Items here: ( ) ††.
You hit the bat but do no damage.
The bat is severely wounded.
The bat hits you.
* * * LOW HITPOINT WARNING * * *
The frilled lizard hisses angrily.
You hit the bat but do no damage.
The bat is severely wounded.
You flicker for a moment.
The bat hits you but does no damage. The bat hits you but does no damage.
You barely miss the bat.
The bat is moderately wounded.
The bat hits you.
You die...

♣♣♣♣♣♣♣♣♣♣♣♣♣♣##########
).....♣♣...l........?...
♣...♣.♣..♣....♣.........
..♣..♣...♣.♣.♣).......#
.♣†.♣♣....†..........#
.♣...♣..♣...♣..b@....#
...♣..♣♣...♣...##†#...#
..♣......♣....##..##....
♣......♣♣.....#>##?# ...
♣..♣♣.........### ##
...♣..♣♣.♣♣....## #.
.♣...♣...♣...... .. .. .
.♣ ..♣... .. ♣ .. ♣♣ ..


You could see a bat and a frilled lizard (wandering, unable to see you).

Vanquished Creatures
  A bat (D:1)
  2 kobolds (D:1)
  A frilled lizard (D:1)
  2 rats (D:1)
6 creatures vanquished.

Notes
Turn   | Place    | Note
-------+----------+-------------------------------------------
     0 | D:1      | SnakkuSnakku7 the Ogre Enchanter began the quest for the
                  | Orb.
     0 | D:1      | Reached XP level 1. HP: 16/16 MP: 3/3
    31 | D:1      | Reached skill level 1 in Fighting
    69 | D:1      | Slain by a bat

Illustrated notes

Levels and vault maps discovered:
D:1:      erik_arrival_cave_to_civilisation [erik_arrival_cave_to_hall],
          layout_basic, serial_shops, shop_fountains, st_stairs_5

Skill      XL: |  1 |
---------------+----+-----
Fighting       | 1 |  1.4
Short Blades   | |  0.8
Maces & Flails | |  0.5
Dodging        | |  1.7
Stealth        | |  2.1
Spellcasting   | |  2.4
Hexes          | |  2.6

Action                   || total
-------------------------++-------
Melee: Dagger            ||    27
  Use: Potion            ||     1
 Stab: Invisible         ||     1
       Sleeping          ||     1
Armor: Robe              ||    15
Dodge: Dodged            ||    20
